 Dungeon Crawl Stone Soup version 0.27-a0-1071-ga85bd9520d (webtiles) character file.

Game seed: 3291740040852992488

23 shoop the Skirmisher (level 2, 0/24 HPs)
             Began as a Demonspawn Wanderer on Apr 24, 2021.
             Slain by a water moccasin (4 damage)
             ... on level 2 of the Dungeon.
             The game lasted 00:02:13 (846 turns).

shoop the Skirmisher (Demonspawn Wanderer)           Turns: 846, Time: 00:02:14

Health: 0/24       AC:  7    Str:  6 (9)  XL:     2   Next: 72%
Magic:  2/2        EV: 11    Int: 12 (14) God:
Gold:   66         SH:  0    Dex: 11 (12) Spells: 1/1 levels left

rFire    . . .     SeeInvis .   a - +0 falchion
rCold    . . .     Faith    .   (no shield)
rNeg     . . .     Spirit   .   b - +2 leather armour
rPois    .         Reflect  .   (no helmet)
rElec    .         Harm     .   i - +0 cloak
rCorr    .         Rampage  .   (no gloves)
Will     .....                  (no boots)
Stlth    ++........             (no amulet)
HPRegen  0.08/turn              (no ring)
MPRegen  0.08/turn              (no ring)

@: lethally poisoned (0 -> -3), hasted, very quick
A: sharp scales 1, hooves 1, deterioration 1, weak 1, sturdy frame 1
a: no special abilities


You were on level 2 of the Dungeon.
You visited 1 branch of the dungeon, and saw 2 of its levels.

You collected 66 gold pieces.

Inventory:

Hand Weapons
 a - a +0 falchion (weapon)
Armour
 b - a +2 leather armour (worn)
 i - a +0 cloak (worn)
Scrolls
 c - a scroll of teleportation
 d - a scroll of enchant armour {unknown}
 e - 2 scrolls of identify {unknown}
 j - a scroll of blinking {unknown}
 k - a scroll of fear {unknown}


   Skills:
 - Level 3.0 Fighting
 + Level 1.9 Long Blades
 - Level 1.0 Axes
 - Level 1.0 Throwing
 - Level 1.0 Armour
 - Level 1.7 Dodging
 + Level 2.0 Stealth


You had one spell level left.
You didn't know any spells.
Your spell library was empty.

Dungeon Overview and Level Annotations

Branches:
Dungeon (2/15)

Altars:

Annotations:
D:2 exclusion: water moccasin


Innate Abilities, Weirdness & Mutations

You are partially covered in razor-sharp scales. (AC +1, Slay +1)
You have large cloven feet.
Your body sometimes deteriorates upon taking damage.
You are weak. (Str -2)
Your movements are slightly less encumbered by armour. (ER -2)


Message History

It was a potion of mutation.
You feel extremely strange.
You feel less encumbered by your armour.
You feel weaker.
You feel yourself wasting away.
Your feet thicken and deform.
It was a potion of degeneration.
There was something very wrong with that liquid.
You feel weakened.
You feel dopey.
You feel clumsy.
It was a potion of haste.
You feel yourself speed up. The water moccasin barely misses you.
The water moccasin bites you.
You are poisoned.
The water moccasin poisons you!
You closely miss the water moccasin.
You feel very sick. The water moccasin bites you.
You hit the water moccasin but do no damage.
You kick the water moccasin, but do no damage.
You feel sick.
The water moccasin bites you but does no damage.
You barely miss the water moccasin. Your kick misses the water moccasin.
You feel sick. The water moccasin barely misses you.
You closely miss the water moccasin.
You feel sick. The water moccasin bites you.
You are too injured to fight recklessly!
You are too injured to fight recklessly!
You are too injured to fight recklessly!
You are too injured to fight recklessly!
You hit the water moccasin.
The water moccasin is lightly wounded.
You feel sick.
The water moccasin bites you but does no damage.
You hit the water moccasin. Your kick misses the water moccasin.
The water moccasin is moderately wounded.
The water moccasin bites you.
* * * LOW HITPOINT WARNING * * *
The water moccasin closely misses you.
You riposte.
You hit the water moccasin.
The water moccasin is moderately wounded.
You completely miss the water moccasin. Your kick misses the water moccasin.
The water moccasin is moderately wounded.
* * * LOW HITPOINT WARNING * * *
You feel sick. The water moccasin bites you.
You die...

..####...........
#......#S#.#....
#............##
#......#.#.#..#
#####†......S.#
#....####.#
###### #.#
#.#######...
#..S@.......
############


You could see a water moccasin.

Vanquished Creatures
  A worm (D:2)
  A dart slug (D:1)
  2 endoplasms (D:2)
  A giant cockroach (D:2)
  3 goblins
  A hobgoblin (D:2)
  A ball python (D:1)
  3 bats (D:1)
  2 frilled lizards (D:1)
  4 rats
19 creatures vanquished.

Notes
Turn   | Place    | Note
-------+----------+-------------------------------------------
     0 | D:1      | shoop the Demonspawn Wanderer began the quest for the Orb.
     0 | D:1      | shoop set off with the following items: a +0 falchion, a +2
                  | leather armour, a scroll of teleportation
     0 | D:1      | Reached XP level 1. HP: 18/18 MP: 1/1
   283 | D:1      | Gained mutation: You are partially covered in razor-sharp
                  | scales. (AC +1, Slay +1) [demonic ancestry]
   283 | D:1      | Reached XP level 2. HP: 24/24 MP: 2/2
   751 | D:2      | Noticed a water moccasin
   837 | D:2      | Gained mutation: Your movements are slightly less
                  | encumbered by armour. (ER -2) [potion of mutation]
   837 | D:2      | Gained mutation: You are weak. (Str -2) [potion of
                  | mutation]
   837 | D:2      | Gained mutation: Your body sometimes deteriorates upon
                  | taking damage. [potion of mutation]
   837 | D:2      | Gained mutation: You have large cloven feet. [potion of
                  | mutation]
   846 | D:2      | Slain by a water moccasin

Illustrated notes

Levels and vault maps discovered:
D:1:      erik_arrival_orb_chamber, layout_rooms, minmay_unequal
D:2:      layout_rooms, serial_co_window_serial, co_window_cross_1,
          co_window_of_opportunity_a, co_window_corner_a, co_window_paths_b,
          co_window_paths_a, co_window_corner_a, co_window_of_opportunity_a,
          co_window_broadway_b, co_window_unsneaky_path_a, co_window_2corner,
          co_window_cross_4, co_window_cross_3, glass_columns_c,
          glass_columns_b, glass_columns_a, minmay_hedge_maze

Skill      XL: |  1  2 |
---------------+-------+-----
Stealth        | 2 |  2.0
Fighting       | |  3.0
Long Blades    | |  1.9
Axes           | |  1.0
Throwing       | |  1.0
Armour         | |  1.0
Dodging        | |  1.7

Action                   || total
-------------------------++-------
Melee: Falchion          ||    72
       Kick              ||     1
  Use: Potion            ||     3
 Stab: Sleeping          ||     1
Armor: Leather armour    ||    32
Dodge: Dodged            ||    58
       Rpst.: Falchion   ||    16

Table legend: (Time is in decaauts)
 A = Elapsed time spent in this place.
 B = Non-inter-level travel time spent in this place.
 C = Inter-level travel time spent in this place.
 D = Time resting spent in this place.
 E = Time spent auto-exploring this place.
 F = Levels seen in this place.
 G = Mean time per level.
                   A        B        C        D        E       F      G
               +--------+--------+--------+--------+--------+-----+--------+
         Total |    859 |    820 |     39 |      0 |    594 |   2 |  429.5 |
       Dungeon |    859 |    820 |     39 |      0 |    594 |   2 |  429.5 |
               +--------+--------+--------+--------+--------+-----+--------+

Top non-repeatable levels by time:
     D:1: 442 daAuts
     D:2: 417 daAuts
